 Dungeon Crawl Stone Soup version 0.28.0 (webtiles) character file.

Game seed: 12460298475369743243

57 Minsecho the Shield-Bearer (level 4, -3/60 HPs)
             Began as a Hill Orc Fighter on Feb 7, 2022.
             Killed from afar by Robin (7 damage)
             ... with a puff of flame
             ... on level 2 of the Dungeon.
             The game lasted 00:03:10 (1112 turns).

Minsecho the Shield-Bearer (Hill Orc Fighter)       Turns: 1112, Time: 00:03:11

Health: -3/60      AC:  8    Str: 20    XL:     4   Next: 0%
Magic:  4/4        EV:  9    Int: 14    God:
Gold:   81         SH:  4    Dex: 10    Spells: 3/3 levels left

rFire   . . .      SeeInvis .   a - +0 war axe
rCold   . . .      Faith    .   c - +0 buckler
rNeg    . . .      Spirit   .   b - +0 scale mail
rPois   .          Reflect  .   (no helmet)
rElec   .          Harm     .   (no cloak)
rCorr   .          Rampage  .   g - +0 pair of gloves
Will    .....                   (no boots)
Stlth   ..........              (no amulet)
HPRegen 0.20/turn               j - +6 ring of intelligence
MPRegen 0.09/turn               (no ring)

@: berserking, very quick
A: no striking features
a: no special abilities


You were on level 2 of the Dungeon.
You visited 1 branch of the dungeon, and saw 2 of its levels.

You collected 114 gold pieces.
You spent 33 gold pieces at shops.

Inventory:

Hand Weapons
 a - a +0 war axe (weapon)
Armour
 b - a +0 scale mail (worn)
 c - a +0 buckler (worn)
 g - a +0 pair of gloves (worn)
Jewellery
 j - a +6 ring of intelligence (left hand)
 n - a +6 ring of intelligence
Scrolls
 f - a scroll of magic mapping {unknown}
 h - 2 scrolls of teleportation
 i - 2 scrolls of amnesia {unknown}
 l - 3 scrolls of identify {unknown}
 m - a scroll of acquirement {unknown}
Potions
 d - a potion of might
 k - a potion of degeneration {unknown}


   Skills:
 + Level 3.9 Fighting
 + Level 3.9 Axes
 + Level 3.6 Armour
 + Level 0.1 Dodging
 + Level 4.0 Shields


You had 3 spell levels left.
You didn't know any spells.
Your spell library contained the following spells:

 Spells                   Type           Power      Damage    Failure   Level
 Beastly Appendage        Tmut           0%         N/A       71%         1
 Wereblood                Tmut           0%         N/A       85%         2
 Gell's Gravitas          Tloc           0%         N/A       97%         3
 Lesser Beckoning         Tloc           0%         N/A       97%         3
 Spider Form              Tmut/Pois      0%         N/A       97%         3
 Teleport Other           Tloc           0%         N/A       97%         3


Dungeon Overview and Level Annotations

Branches:
Dungeon (2/15)

Altars:

Shops:
D:2 :**

Annotations:
D:2 Robin


Message History

The goblin is severely wounded.
You closely miss the goblin. You slash the goblin!
You kill the goblin!
You closely miss the goblin. x2; The goblin hits you with a +0 club.
* * * LOW HITPOINT WARNING * * *
The goblin hits you but does no damage.
A goblin comes into view. It is wielding a +0 dagger.
The goblin closely misses you. The goblin hits you but does no damage.
You block the goblin's attack.
You closely miss the goblin.
The goblin is severely wounded.
You hit the goblin.
You kill the goblin!
You completely miss the hobgoblin. You hit the goblin.
You kill the goblin!
You closely miss the goblin. You block the hobgoblin's attack.
The goblin hits you with a +0 dagger.
* * * LOW HITPOINT WARNING * * *
You block the goblin's attack.
It was a potion of berserk rage.
A red film seems to cover your vision as you go berserk!
You feel yourself moving faster!
You feel mighty!
The goblin hits you but does no damage. x2; The goblin hits you with a +0 club.
* * * LOW HITPOINT WARNING * * *
You closely miss the goblin.
The goblin is severely wounded.
You barely miss the goblin. You slash the goblin!
You kill the goblin!
You hit the hobgoblin.
You kill the hobgoblin!
Robin zaps a wand.
The puff of flame hits you but does no damage.
You block the goblin's attack. x2
You have reached level 4!
You miss the goblin.
The goblin is severely wounded.
You hit the goblin.
You kill the goblin!
Robin zaps a wand.
The puff of flame hits you!
You die...

#####....#...>.#
...........###.#
########.....#.# ..# #
#†....#.### #..#
##.........##....
######..###..##.....#
#.).....###.....#... >
#.##.......##.#g#.##...
#.......##.#@)g.g...
#..........)))......
#........###)###....
#.......## #.# ...
#....(..# #.# .
#.......# ### #.......#
###


You could see Robin and 2 goblins.

Vanquished Creatures
  2 adders (D:2)
  2 dart slugs
  2 ball pythons (D:1)
  4 endoplasms
  10 goblins
  2 hobgoblins
  3 bats (D:1)
  3 frilled lizards
  2 kobolds (D:1)
  5 rats (D:1)
35 creatures vanquished.

Notes
Turn   | Place    | Note
-------+----------+-------------------------------------------
     0 | D:1      | Minsecho the Hill Orc Fighter began the quest for the Orb.
     0 | D:1      | Reached XP level 1. HP: 19/19 MP: 1/1
   103 | D:1      | Reached XP level 2. HP: 23/27 MP: 2/2
   715 | D:2      | Found Leghiaso's Book Shop.
   752 | D:2      | Reached XP level 3. HP: 33/33 MP: 3/3
   793 | D:2      | Reached skill level 4 in Shields
   798 | D:2      | Found Ranwip's General Store.
   806 | D:2      | Bought a scroll of teleportation for 33 gold pieces
   853 | D:2      | Found Otitz's General Store.
  1100 | D:2      | Noticed Robin
  1112 | D:2      | Reached XP level 4. HP: 4/40 MP: 4/4
  1112 | D:2      | Killed from afar by Robin

Illustrated notes

Levels and vault maps discovered:
D:1:      dpeg_arrival_stone_temple_mockup, layout_basic
D:2:      layout_rooms, serial_shops, nicolae_shop_advertising_works
          [nicolae_subvault_shop_adworks], nicolae_shop_trees, shop, shop,
          uniq_robin

Skill      XL: |  1  2  3 |
---------------+----------+-----
Axes           | 3 |  3.9
Shields        | 4 |  4.0
Fighting       | |  3.9
Armour         | |  3.6
Dodging        | |  0.1

Action                   |  1- 3 |  4- 6 || total
-------------------------+-------+-------++-------
Melee: War axe           |    73 |     1 ||    74
  Use: Potion            |     1 |       ||     1
Armor: Scale mail        |    45 |       ||    45
Dodge: Dodged            |    45 |       ||    45
Block: Buckler           |    23 |       ||    23
